 Dungeon Crawl Stone Soup version 0.29.0-4-gdea44cf6ec (webtiles) character file.

Game seed: 11734951462833492187

347 qw the Chopper (level 6, -7/36 HPs)
             Began as a Tengu Warper on Aug 28, 2022.
             Splashed by a jelly's acid (8 damage)
             ... on level 4 of the Dungeon.
             The game lasted 00:00:25 (4308 turns).

qw the Chopper (Tengu Warper)                       Turns: 4308, Time: 00:00:26

Health: -7/36      AC: -2    Str: 13    XL:     6   Next: 59%
Magic:  10/10      EV: 11    Int: 14    God:
Gold:   840        SH:  0    Dex: 13    Spells: 9/9 levels left

rFire   . . .      SeeInvis .   e - +0 war axe
rCold   . . .      Faith    .   (no shield)
rNeg    . . .      Spirit   .   k - +0 chain mail
rPois   .          Reflect  .   (helmet restricted)
rElec   .          Harm     .   (no cloak)
rCorr   .          Rampage  .   a - +0 pair of gloves
Will    .....                   (boots unavailable)
Stlth   ..........              (no amulet)
HPRegen 0.12/turn               j - +4 ring of evasion
MPRegen 0.12/turn               (no ring)

@: corroded, flying quickly and evasively, quick
A: beak, talons 3, nimble flight, camouflage 1, sense surroundings 1
a: no special abilities


You were on level 4 of the Dungeon.
You visited 1 branch of the dungeon, and saw 4 of its levels.

You collected 840 gold pieces.


Innate Abilities, Weirdness & Mutations

You have a beak for a mouth.
You have claws for feet.
Your magical nature lets you fly swiftly and evasively.
Your skin changes colour to match your surroundings (Stealth+).
You passively map a small area around you.


   Skills:
 + Level 2.5 Fighting
 - Level 7.0 Axes
 - Level 1.0 Throwing
 - Level 2.0 Armour
 - Level 2.1 Dodging
 - Level 2.0 Spellcasting
 - Level 2.4 Translocations


You had 9 spell levels left.
You didn't know any spells.
Your spell library contained the following spells:

 Spells                   Type           Power      Damage    Failure   Level
 Blink                    Tloc           16%        N/A       99%         2
 Gell's Gravitas          Tloc           8%         N/A       100%        3
 Lesser Beckoning         Tloc           8%         N/A       100%        3
 Teleport Other           Tloc           8%         N/A       100%        3
 Manifold Assault         Tloc           8%         N/A       100%        5

Inventory:

Hand Weapons
 c - a +0 flail
 e - a +0 war axe (weapon)
Missiles
 l - a boomerang (quivered)
Armour
 a - a +0 pair of gloves (worn)
 k - a +0 chain mail (worn)
Jewellery
 j - a +4 ring of evasion (left hand)
Scrolls
 f - 2 scrolls of identify
Potions
 b - a potion of brilliance {unknown}
 d - 2 potions of curing
 g - a potion of mutation

Dungeon Overview and Level Annotations

Branches:
Dungeon (4/15)
 Temple: D:4-7

Altars:
Zin

Annotations:
D:2 1 runed translucent door, Crazy Yiuf


Message History

Enter note:
Enter note:
Enter note: A jelly comes into view.
Throw: boomerang
Press: ? - help, Q - select action Shift-Dir - straight line, f - jelly You throw a boomerang.
The jelly quivers.
The boomerang hits the jelly.
The jelly is lightly wounded.
Throw: boomerang
Press: ? - help, Q - select action Shift-Dir - straight line, f/p - jelly You throw a boomerang.
The boomerang hits the jelly.
The jelly is moderately wounded.
Throw: boomerang
Press: ? - help, Q - select action Shift-Dir - straight line, f/p - jelly You throw a boomerang.
The boomerang hits the jelly.
The jelly is heavily wounded.
Throw: boomerang
Press: ? - help, Q - select action Shift-Dir - straight line, f/p - jelly You throw a boomerang.
The boomerang hits the jelly.
The jelly is heavily wounded.
The jelly jiggles.
You slash the jelly! The acid corrodes you!
Your hands burn!
You claw the jelly.
The jelly is severely wounded.
The jelly hits you but does no damage.
You hit the jelly but do no damage.
Your hands burn!
You claw the jelly.
The jelly is severely wounded.
The jelly closely misses you. The jelly hits you.
You are splashed with acid!
You barely miss the jelly. You claw the jelly, but do no damage.
You peck the jelly, but do no damage.
The jelly is severely wounded.
The jelly hits you. The acid corrodes you!
You are splashed with acid!
You hit the jelly but do no damage.
Your hands burn!
Your kick misses the jelly.
The jelly is severely wounded.
The jelly hits you but does no damage.
You slash the jelly!
Your hands burn!
The jelly is almost dead.
The jelly hits you. The acid corrodes you!
You are splashed with acid!
You die...

### #......#....#* * *
*
#.....>#....###########
#..............#.......
,
#......######.##.......
,
######.......%..#######
, , ,#..........# , ,
,, ,#..........#
,,#..........# ,
#@.........# , ,,,
#J.........# '
#..........# *
*#..........# ,
.....#### , , .....#, ,
.....# * > ......#,, **
, , , ,


You could see a jelly.

Vanquished Creatures
  A howler monkey (D:4)
  2 orc priests (D:3)
  Jessica (D:2)
  Ijyb (D:3)
  2 iguanas
  Natasha (twice) (D:3)
  An adder (D:2)
  16 orcs
  4 bats
  9 endoplasms
  A giant cockroach (D:3)
  2 goblins (D:3)
  4 hobgoblins
  5 jackals (D:1)
  9 kobolds
  5 ball pythons
  3 frilled lizards
  5 rats
73 creatures vanquished.

Vanquished Creatures (others)
  3 fungi (D:4)
  11 toadstools (D:4)
14 creatures vanquished.

Grand Total: 87 creatures vanquished

Notes
Turn   | Place    | Note
-------+----------+-------------------------------------------
     0 | D:1      | qw the Tengu Warper began the quest for the Orb.
     0 | D:1      | Reached XP level 1. HP: 12/12 MP: 4/4
     0 | D:1      | 0 ||| qw: Version: 0.1-a-89-g26bdef1
     0 | D:1      | 0 ||| qw: Game counter: 1284
     0 | D:1      | 0 ||| qw: Always use a shield: true
     0 | D:1      | 0 ||| qw: God list: Okawaru
     0 | D:1      | 0 ||| qw: Allow faded altars: false
     0 | D:1      | 0 ||| qw: Do Orc after D:15 true
     0 | D:1      | 0 ||| qw: Do second Lair branch before Depths: true
     0 | D:1      | 0 ||| qw: Lair rune preference: random
     0 | D:1      | 0 ||| qw: Plans: Normal
     0 | D:1      | 0 ||| PLANNING D:1-11
   150 | D:1      | 150 ||| Stepping ~*~*~tactically~*~*~ (stealth).
   152 | D:1      | 152 ||| Stepping ~*~*~tactically~*~*~ (stealth).
   160 | D:1      | Reached skill level 3 in Axes
   160 | D:1      | Reached XP level 2. HP: 10/17 MP: 6/6
   384 | D:1      | 384 ||| Stepping ~*~*~tactically~*~*~ (stealth).
   398 | D:1      | 398 ||| Stepping ~*~*~tactically~*~*~ (stealth).
   401 | D:1      | 401 ||| Stepping ~*~*~tactically~*~*~ (stealth).
   585 | D:1      | 585 ||| Stepping ~*~*~tactically~*~*~ (stealth).
   873 | D:1      | 873 ||| UPGRADING to +0 ring mail.
   883 | D:1      | 883 ||| DROPPING +0 leather armour.
   884 | D:1      | 884 ||| READING scroll labelled DOGAEL KOUJIC.
   888 | D:1      | 888 ||| READING scroll labelled RUAXTO JYDOCA.
   889 | D:1      | 889 ||| READING scroll labelled YGUSSO YMYRPH.
   890 | D:1      | 890 ||| DRINKING 2 bubbling silvery potions.
   890 | D:1      | Gained mutation: You passively map a small area around you.
                  | [potion of mutation]
   890 | D:1      | Gained mutation: Your skin changes colour to match your
                  | surroundings (Stealth+). [potion of mutation]
   891 | D:1      | 891 ||| DROPPING scroll of blinking.
   910 | D:2      | 910 ||| STAIRDANCE
   967 | D:2      | 967 ||| STAIRDANCE
  1046 | D:2      | 1046 ||| STAIRDANCE
  1276 | D:2      | 1276 ||| FLEEEEING.
  1277 | D:2      | 1277 ||| STAIRDANCE
  1342 | D:2      | 1342 ||| FLEEEEING.
  1343 | D:2      | 1343 ||| STAIRDANCE
  1479 | D:2      | Reached XP level 3. HP: 21/21 MP: 7/7
  1500 | D:2      | Noticed Jessica
  1508 | D:2      | Killed Jessica
  1509 | D:2      | Reached skill level 4 in Axes
  1721 | D:2      | Found a glowing silver altar of Zin.
  1953 | D:2      | Reached XP level 4. HP: 23/26 MP: 8/8
  2101 | D:2      | Found a runed translucent door.
  2102 | D:2      | Noticed Crazy Yiuf
  2135 | D:2      | 2135 ||| UPGRADING to +0 pair of gloves.
  2140 | D:2      | 2140 ||| READING scroll labelled GOIGOFFUODE.
  2141 | D:2      | 2141 ||| READING scroll labelled WYFASYPTIB.
  2141 | D:2      | Identified a scroll of acquirement
  2141 | D:2      | 2141 ||| ACQUIRING 574 gold pieces
  2141 | D:2      | Acquired 574 gold pieces
  2143 | D:2      | 2143 ||| DRINKING 2 metallic yellow potions.
  2144 | D:2      | 2144 ||| DRINKING 2 lumpy pink potions.
  2273 | D:3      | Noticed Ijyb
  2274 | D:3      | 2274 ||| Stepping ~*~*~tactically~*~*~ (hiding).
  2277 | D:3      | 2277 ||| Stepping ~*~*~tactically~*~*~ (hiding).
  2288 | D:3      | Killed Ijyb
  2289 | D:3      | Reached skill level 5 in Axes
  2290 | D:3      | 2290 ||| Stepping ~*~*~tactically~*~*~ (stealth).
  2389 | D:3      | Found the +7 staff of the Meek {protect, meekguard}
  2391 | D:3      | 2391 ||| Stepping ~*~*~tactically~*~*~ (hiding).
  2493 | D:3      | 2493 ||| Stepping ~*~*~tactically~*~*~ (hiding).
  2496 | D:3      | 2496 ||| FLEEEEING.
  2497 | D:3      | 2497 ||| FLEEEEING.
  2498 | D:3      | 2498 ||| Stepping ~*~*~tactically~*~*~ (hiding).
  2502 | D:3      | HP: 4/26 [orc priest/nerve-wracking pain (8)]
  2503 | D:3      | 2503 ||| DRINKING potion of heal wounds.
  2506 | D:3      | Gained mutation: Your magical nature lets you fly swiftly
                  | and evasively. [Tengu growth]
  2506 | D:3      | Reached XP level 5. HP: 30/30 MP: 9/9
  2608 | D:3      | 2608 ||| DROPPING +0 whip.
  2937 | D:3      | 2937 ||| FLEEEEING.
  2946 | D:3      | 2946 ||| STAIRDANCE
  3021 | D:2      | 3021 ||| UPGRADING to +0 chain mail.
  3031 | D:2      | 3031 ||| DROPPING +0 ring mail.
  3032 | D:2      | 3032 ||| UPGRADING to +4 ring of evasion.
  3033 | D:2      | 3033 ||| READING scroll labelled WIVUECENOG.
  3034 | D:2      | 3034 ||| READING scroll labelled MEUFISEUNKE.
  3035 | D:2      | 3035 ||| READING scroll labelled WUULOI UHUA.
  3036 | D:2      | 3036 ||| DRINKING 2 murky emerald potions.
  3063 | D:2      | 3063 ||| DROPPING potion of lignification.
  3208 | D:3      | Found a faded altar of an unknown god.
  3417 | D:3      | Noticed Natasha
  3422 | D:3      | Killed Natasha
  3423 | D:3      | Reached skill level 6 in Axes
  3571 | D:3      | HP: 6/30 [orc/+0 club (3)]
  3574 | D:3      | Reached XP level 6. HP: 7/35 MP: 10/10
  3641 | D:3      | Noticed Natasha
  3648 | D:3      | HP: 6/35 [Natasha (6)]
  3649 | D:3      | Killed Natasha
  4032 | D:4      | 4032 ||| SWAPPING to +0 war axe.
  4033 | D:4      | 4033 ||| DROPPING +0 hand axe.
  4042 | D:4      | 4042 ||| DROPPING +4 mace.
  4064 | D:4      | 4064 ||| Stepping ~*~*~tactically~*~*~ (stealth).
  4131 | D:4      | Reached skill level 7 in Axes
  4307 | D:4      | HP: 6/36 [acid (4)]
  4308 | D:4      | HP: 1/36 [jelly (3)]
  4308 | D:4      | Splashed by a jelly's acid

Levels and vault maps discovered:
D:1:      lemuel_arrival_rhombus, layout_loops_ring
D:2:      layout_rooms, basic_altar, uniq_jessica, uniq_crazy_yiuf_cottage
D:3:      layout_basic, chequers_ecumenical_altar_simple_redux,
          pf_guarded_unrand_meek, uniq_ijyb, uniq_natasha
D:4:      cheibrodos_fertilizer, layout_gridville, jmf_multi_god_temple2

Skill      XL: |  1  2  3  4  5  6 |
---------------+-------------------+-----
Axes           | 3 4 5 6 7 |  7.0
Armour         | 2 |  2.0
Fighting       | |  2.5
Throwing       | |  1.0
Dodging        | |  2.1
Spellcasting   | |  2.0
Translocations | |  2.4

Action                   |  1- 3 |  4- 6 || total
-------------------------+-------+-------++-------
Melee: Hand axe          |    62 |    83 ||   145
       Kick              |    12 |    38 ||    50
       Peck              |     9 |    16 ||    25
       War axe           |       |    26 ||    26
Throw: Boomerang         |     7 |    38 ||    45
  Use: Scroll            |     3 |     5 ||     8
       Potion            |     1 |     4 ||     5
Armor: Leather armour    |     3 |       ||     3
       Ring mail         |    16 |    13 ||    29
       Chain mail        |       |    21 ||    21
Dodge: Dodged            |    32 |    51 ||    83

Table legend:
 A = Non-vault XP
 B = Vault XP
 C = Vault XP percentage of total XP
 D = Non-vault monster count
 E = Vault monster count
 F = Vault count percentage of total count
                 A         B        C        D         E       F
            +---------+---------+-------+---------+---------+-------
      Total |     329 |     168 |  33.8 |      60 |      13 |  17.8
            +---------+---------+-------+---------+---------+-------
        D:1 |      28 |       0 |   0.0 |      16 |       0 |   0.0
        D:2 |      27 |      37 |  57.8 |      10 |       1 |   9.1
        D:3 |     167 |     123 |  42.4 |      26 |       6 |  18.8
        D:4 |     107 |       8 |   7.0 |       8 |       6 |  42.9
            +---------+---------+-------+---------+---------+-------
